 Dungeon Crawl Stone Soup version 0.28-a0-1493-g08698888e4 (webtiles) character file.

Game seed: 17866658541880296643

36 testman the Gusty (level 3, -9/19 HPs)
             Began as a Tengu Air Elementalist on Jan 12, 2022.
             Mangled by a worm (10 damage)
             ... on level 2 of the Dungeon.
             The game lasted 00:05:36 (1327 turns).

testman the Gusty (Tengu Air Elementalist)          Turns: 1327, Time: 00:05:37

Health: -9/19      AC:  2    Str:  8    XL:     3   Next: 37%
Magic:  1/7        EV: 12    Int: 17    God:
Gold:   22         SH:  0    Dex: 14    Spells: 0/6 levels left

rFire   . . .      SeeInvis .   b - +0 short sword
rCold   . . .      Faith    .   (no shield)
rNeg    . . .      Spirit   .   a - +0 robe
rPois   .          Reflect  .   (helmet restricted)
rElec   .          Harm     .   (no cloak)
rCorr   .          Rampage  .   (no gloves)
Will    .....                   (boots unavailable)
Stlth   ++........              (no amulet)
HPRegen 0.06/turn               (no ring)
MPRegen 0.10/turn               (no ring)

@: no status effects
A: beak, talons 3
a: no special abilities


You were on level 2 of the Dungeon.
You visited 1 branch of the dungeon, and saw 2 of its levels.

You collected 22 gold pieces.

Inventory:

Hand Weapons
 b - a +0 short sword (weapon)
 d - a +0 hunting sling
 e - a +0 quarterstaff
Missiles
 c - 60 stones
Armour
 a - a +0 robe (worn)
Scrolls
 f - 5 scrolls of identify {unknown}
 h - a scroll of teleportation {unknown}
Potions
 g - 2 potions of invisibility {unknown}


   Skills:
 - Level 2.1 Dodging
 - Level 2.0 Stealth
 - Level 2.2 Spellcasting
 - Level 3.0 Conjurations
 + Level 4.8 Air Magic


You couldn't memorise any spells.
You knew the following spells:

 Your Spells              Type           Power      Damage    Failure   Level
a - Shock                 Conj/Air       60%        1d6       3%          1
b - Static Discharge      Conj/Air       15%        N/A       6%          2
c - Swiftness             Air            18%        N/A       8%          3

Your spell library contained the following spells:

 Spells                   Type           Power      Damage    Failure   Level
 Airstrike                Air            9%         N/A       26%         4


Dungeon Overview and Level Annotations

Branches:
Dungeon (2/15)

Altars:


Innate Abilities, Weirdness & Mutations

You have a beak for a mouth.
You have claws for feet.


Message History

The jackal completely misses you.
There is an open door here.
You barely miss the jackal. Your peck misses the jackal.
The jackal bites you but does no damage.
You barely miss the jackal. You claw the jackal, but do no damage.
Your peck misses the jackal. The jackal closely misses you.
The jackal barely misses you.
You closely miss the jackal. Your kick misses the jackal.
Your peck misses the jackal. The jackal barely misses you.
You closely miss the jackal. You claw the jackal.
The jackal is severely wounded.
The jackal barely misses you. The jackal closely misses you.
You closely miss the jackal.
The jackal is severely wounded.
The jackal barely misses you.
Casting: Shock (safe; 3% risk of failure)
Confirm with . or Enter, or press ? or * to list all spells.
Aiming: Shock (safe; 3% risk of failure)
Press: ? - help, Shift-Dir - straight line, f/p - jackal
Aim: a jackal (heavily wounded, 64% to hit)
The zap hits the jackal.
You kill the jackal!
The zap hits the worm.
The worm is lightly wounded.
You hit the worm but do no damage. You claw the worm.
You peck the worm, but do no damage.
The worm is lightly wounded.
The worm barely misses you.
You hit the worm.
The worm is moderately wounded.
You hit the worm but do no damage.
The worm is moderately wounded.
The worm bites you!
* * * LOW HITPOINT WARNING * * *
You hit the worm. You claw the worm, but do no damage.
Your punch misses the worm.
The worm is heavily wounded.
The worm bites you!
Ouch! That really hurt!
You die...

#.....+ ...# .. #.....# #..# .#
..... #.....#####..# .# ........#
#............#..#
..........#######...#####...#..##
........................#........
#......##......###....###.†.#....
#..............###....###...#....
#..............w@................
#..............##.##..####.##.#..
#......†.......##................
#.........##...######.####.##.###
#.....†...##...# .........#.###
#.........###..# ###.###..#.#<#
..........# #..# .# #..#.#.#
..........# #..# #..#.#.#
..........# ...# #..#.#.#


You could see a worm.

Vanquished Creatures
  A dart slug (D:1)
  3 bats
  5 endoplasms
  2 giant cockroaches (D:1)
  2 goblins (D:1)
  A hobgoblin (D:1)
  3 jackals (D:2)
  5 kobolds
  2 ball pythons (D:2)
  A frilled lizard (D:1)
  6 rats
31 creatures vanquished.

Notes
Turn   | Place    | Note
-------+----------+-------------------------------------------
     0 | D:1      | testman the Tengu Air Elementalist began the quest for the
                  | Orb.
     0 | D:1      | Reached XP level 1. HP: 10/10 MP: 4/4
   133 | D:1      | Reached XP level 2. HP: 15/15 MP: 6/6
   136 | D:1      | Learned a level 2 spell: Static Discharge
   542 | D:1      | Reached XP level 3. HP: 5/19 MP: 4/7
   546 | D:1      | Learned a level 3 spell: Swiftness
  1327 | D:2      | Mangled by a worm

Illustrated notes

Levels and vault maps discovered:
D:1:      amcnicky_arrival_single_pillar, layout_basic
D:2:      kennysheep_the_goblin_king, layout_basic,
          ebering_ecumenical_altar_webs, minmay_rat_hole, uniq_natasha,
          uniq_terence

Skill      XL: |  1  2 |
---------------+-------+-----
Conjurations   | 2 3 |  3.0
Dodging        | |  2.1
Stealth        | |  2.0
Spellcasting   | |  2.2
Air Magic      | |  4.8

Action                   || total
-------------------------++-------
Melee: Short sword       ||    47
       Unarmed           ||     3
       Kick              ||    15
       Peck              ||     8
       Punch             ||     1
 Cast: Shock             ||    15
       Static Discharge  ||     3
 Stab: Sleeping          ||     4
Armor: Robe              ||    13
Dodge: Dodged            ||    40

Table legend: (Time is in decaauts)
 A = Elapsed time spent in this place.
 B = Non-inter-level travel time spent in this place.
 C = Inter-level travel time spent in this place.
 D = Time resting spent in this place.
 E = Time spent auto-exploring this place.
 F = Levels seen in this place.
 G = Mean time per level.
                   A        B        C        D        E       F      G
               +--------+--------+--------+--------+--------+-----+--------+
         Total |   1330 |   1277 |     53 |    263 |    804 |   2 |  665.0 |
       Dungeon |   1330 |   1277 |     53 |    263 |    804 |   2 |  665.0 |
               +--------+--------+--------+--------+--------+-----+--------+

Top non-repeatable levels by time:
     D:1: 1109 daAuts
     D:2: 221 daAuts
